[Event "Titled Tuesday Blitz November 22 Late 2022"]
[White "Cortes Orihuela, Javier"]
[Black "Milchev, Nikolay"]
[WhiteFideId "3414329"]
[BlackFideId "2906090"]
[WhiteElo "2080"]
[BlackElo "2449"]
[Result "0-1"]
[Round "10"]
[TimeControl "180+1"]
[Date "2022.11.23"]
[WhiteClock "0:00:01"]
[BlackClock "0:00:47"]

1. d4 Nf6 2. c4 g6 3. Nc3 Bg7 4. e4 d6 5. Nf3 O-O 6. h3 c5 7. d5 b5 8. cxb5 a6 9. a4 Qa5 10. Nd2 Qb4 11. bxa6 Bxa6 12. Bxa6 Nxa6 13. O-O Rfb8 14. Qe2 Nc7 15. Ra3 Nd7 16. Rb3 Qd4 17. Nf3 Rxb3 18. Nxd4 cxd4 19. Qc4 Nc5 20. Nb1 Rxa4 21. Qc2 d3 22. Qd1 Bxb2 23. Nd2 Rbb4 24. Bxb2 Rxb2 25. Nf3 Rxe4 26. Ng5 Re5 27. h4 Nxd5 28. Qa1 Rb8 29. f4 Re2 30. f5 Rbb2 31. Qa8+ Kg7 32. Qxd5 Rxg2+ 33. Qxg2 Rxg2+ 34. Kxg2 gxf5 35. Rd1 e5 36. Kf3 h6 37. Nh3 Kf6 38. Nf2 Ke6 39. Ke3 f4+ 40. Kf3 f5 41. Kg2 e4 42. Nh3 Ke5 43. Kf2 d5 44. Ng1 Nb3 45. Rb1 e3+ 46. Ke1 d2+ 47. Ke2 Nd4+ 48. Kd3 Ne6 49. Nf3+ Kf6 0-1


[Site "https://www.chess.com"]

[Event "Titled Tuesday Blitz November 22 Late 2022"]
[White "Desideri, Ricardo Maruchi"]
[Black "Sanchez, Robert"]
[WhiteFideId "2110440"]
[BlackFideId "2034360"]
[WhiteElo "1945"]
[BlackElo "2309"]
[Result "0-1"]
[Round "10"]
[TimeControl "180+1"]
[Date "2022.11.23"]
[WhiteClock "0:00:49"]
[BlackClock "0:02:05"]

1. e4 d5 2. exd5 Qxd5 3. Nc3 Qe6+ 4. Be2 Qg6 5. Bf3 Nc6 6. d4 Bf5 7. Nd5 O-O-O 8. Ne3 Nxd4 9. Nxf5 Nxf5 10. Bxb7+ Kxb7 11. Qxd8 Qxg2 12. Bf4 e5 13. O-O-O Qxh1 14. Bxe5 Bd6 15. Bxd6 Nxd6 16. f3 Qxh2 17. Qf8 g6 18. Qg7 Qh6+ 0-1


[Site "https://www.chess.com"]

[Event "Titled Tuesday Blitz November 22 Late 2022"]
[White "Djordjevic, Vuk"]
[Black "Arngrimsson, Dagur"]
[WhiteFideId "902098"]
[BlackFideId "2301288"]
[WhiteElo "2456"]
[BlackElo "2286"]
[Result "1-0"]
[Round "10"]
[TimeControl "180+1"]
[Date "2022.11.22"]
[WhiteClock "0:00:26"]
[BlackClock "0:01:01"]

1. d4 d5 2. Bf4 Nf6 3. e3 Bg4 4. f3 Bf5 5. g4 Bg6 6. h4 h5 7. g5 Nfd7 8. c4 c5 9. cxd5 cxd4 10. Qxd4 e5 11. dxe6 fxe6 12. Nc3 e5 13. Qd5 exf4 14. Qe6+ Qe7 15. Qxg6+ Kd8 16. e4 Nc6 17. O-O-O Rc8 18. Bh3 Ne5 19. Qf5 g6 20. Qxf4 Bg7 21. Bxd7 Nxd7 22. Ne2 Rf8 23. Qe3 Be5 24. f4 Rxc3+ 25. bxc3 Rxf4 26. Rxd7+ Kxd7 27. Nxf4 Qa3+ 28. Kb1 Bxc3 29. Rd1+ Ke8 30. Nd3 Qd6 31. Qc5 1-0


[Site "https://www.chess.com"]

[Event "Titled Tuesday Blitz November 22 Late 2022"]
[White "Dudzinski, Pawel"]
[Black "Simonovic, Miroslav"]
[WhiteFideId "1117890"]
[BlackFideId "919152"]
[WhiteElo "2086"]
[BlackElo "2043"]
[Result "1-0"]
[Round "10"]
[TimeControl "180+1"]
[Date "2022.11.23"]
[WhiteClock "0:00:11"]
[BlackClock "0:00:01"]

1. e4 c5 2. Nc3 Nc6 3. g3 g6 4. Bg2 Bg7 5. d3 e5 6. Be3 d6 7. Qd2 h6 8. f4 Nge7 9. fxe5 Nxe5 10. Nf3 b6 11. Nxe5 dxe5 12. Nd5 Be6 13. c4 Qd7 14. O-O Bxd5 15. cxd5 Rd8 16. b4 cxb4 17. Qxb4 O-O 18. a4 f5 19. Bh3 Qd6 20. Qxd6 Rxd6 21. a5 g5 22. axb6 axb6 23. Ra6 f4 24. Rxb6 Rxb6 25. Bxb6 Rb8 26. Bc7 Rb3 27. d6 Rxd3 28. dxe7 Kf7 29. Bd8 Bf6 30. gxf4 exf4 31. Bg4 Bxe7 32. Bb6 Kg6 33. Rc1 Rd6 34. Bc7 Rd2 35. Rc6+ Kf7 36. Bh5+ Kf8 37. Be5 Ra2 38. Rc8+ Bd8 39. Rxd8+ Ke7 40. Re8+ Kd7 41. Rh8 Ra4 42. Bg6 Ke6 43. Bg7 g4 44. Bxh6 g3 45. Bxf4 gxh2+ 46. Kxh2 Ra2+ 47. Kg3 Kf6 48. Bf5 Ra3+ 49. Kg4 Ra1 50. Rh6+ Kg7 51. Rb6 Rg1+ 52. Bg3 Rf1 53. Rb7+ Kf8 54. e5 Ke8 55. e6 Rg1 56. Bg6+ Kd8 57. e7+ Kc8 58. e8=Q+ Kxb7 59. Qd7+ Ka6 60. Qc6+ Ka5 61. Qc5+ Ka4 62. Qxg1 Kb3 63. Qc5 Kb2 64. Qc4 Ka1 65. Qb5 Ka2 66. Qb4 Ka1 67. Qb1# 1-0


[Site "https://www.chess.com"]

[Event "Titled Tuesday Blitz November 22 Late 2022"]
[White "Fernandez De La Vara, Arnaldo"]
[Black "Toniutti, Ezio"]
[WhiteFideId "3518388"]
[BlackFideId "113034"]
[WhiteElo "2387"]
[BlackElo "2215"]
[Result "0-1"]
[Round "10"]
[TimeControl "180+1"]
[Date "2022.11.23"]
[WhiteClock "0:00:02"]
[BlackClock "0:00:05"]

1. Nf3 d5 2. g3 Nf6 3. Bg2 c6 4. O-O Bf5 5. d3 e6 6. Nbd2 Be7 7. Qe1 h6 8. e4 Bh7 9. Qe2 O-O 10. b3 c5 11. Ne5 Nc6 12. Nxc6 bxc6 13. f4 a5 14. a4 Qb6 15. Kh1 Rfe8 16. g4 Nd7 17. Bb2 Bf6 18. Bxf6 Nxf6 19. h4 c4 20. bxc4 dxe4 21. Nxe4 Bxe4 22. Bxe4 Nxe4 23. Qxe4 Qb2 24. Qg2 c5 25. g5 h5 26. g6 Ra7 27. Rae1 fxg6 28. Qxg6 Rf7 29. Re2 Qb7+ 30. Qg2 Qe7 31. Qg5 Qb7+ 32. Qg2 Qd7 33. Re5 Ref8 34. Rxh5 Rxf4 35. Rxf4 Rxf4 36. Qa8+ Rf8 37. Rh8+ Kxh8 38. Qxf8+ Kh7 39. Qxc5 Qxa4 40. Qh5+ Kg8 41. Qe5 Qxc2 42. Qxe6+ Kh7 43. Qf5+ Kg8 44. Qd5+ Kh7 45. c5 a4 46. c6 a3 47. Qh5+ Kg8 48. Qe8+ Kh7 49. Qe4+ Kg8 50. Qd5+ Kh7 51. Qf5+ Kg8 52. Qc8+ Kh7 53. c7 Qd1+ 54. Kg2 Qe2+ 55. Kg3 Qxd3+ 56. Kf4 Qd4+ 57. Kg5 Qd2+ 58. Kg4 Qd4+ 59. Kh5 Qe5+ 60. Kg4 Qe4+ 61. Kg3 Qe3+ 62. Kh2 Qf2+ 63. Kh3 a2 64. Qa8 Qf1+ 65. Kh2 Qf4+ 66. Kh3 Qe3+ 67. Kg2 Qd2+ 68. Kg3 Qe1+ 69. Kh3 Qe3+ 70. Kg2 Qd2+ 71. Kg3 Qc3+ 72. Kh2 Qc2+ 73. Qg2 Qxc7+ 74. Kh3 Qd7+ 75. Kh2 Qd6+ 76. Kh3 a1=Q 77. Qe4+ Qg6 0-1


[Site "https://www.chess.com"]

[Event "Titled Tuesday Blitz November 22 Late 2022"]
[White "Fernandez Guillen, Ernesto J."]
[Black "Oparin, Grigoriy"]
[WhiteFideId "3512428"]
[BlackFideId "24125890"]
[WhiteElo "2450"]
[BlackElo "2639"]
[Result "0-1"]
[Round "10"]
[TimeControl "180+1"]
[Date "2022.11.22"]
[WhiteClock "0:00:09"]
[BlackClock "0:00:10"]

1. e4 c6 2. d4 d5 3. e5 Bf5 4. Bd3 Bxd3 5. Qxd3 e6 6. c3 c5 7. Ne2 Nc6 8. O-O Qb6 9. Nd2 Qa6 10. Qxa6 bxa6 11. dxc5 Bxc5 12. Nb3 Bb6 13. Bg5 Nxe5 14. Rad1 f6 15. Bf4 Ng6 16. Bg3 N8e7 17. Rfe1 Kf7 18. a4 a5 19. Ned4 e5 20. Nb5 Rhd8 21. c4 dxc4 22. Nd2 Rac8 23. Nxc4 Ke6 24. b3 Nf5 25. Kf1 h5 26. h3 Nge7 27. Bh2 g5 28. Rxd8 Rxd8 29. f4 gxf4 30. Bxf4 Ng6 31. Bh2 Rd3 32. b4 axb4 33. a5 Bc5 34. Nc7+ Kf7 35. Na6 Be7 36. Rb1 b3 37. Ke2 Rc3 38. Nd2 Nd4+ 39. Kd1 Rd3 40. Bg1 Nf4 41. Bxd4 Rxd4 42. Rxb3 Nxg2 43. Rb7 e4 44. Ke2 f5 45. Nb8 Rd6 46. Nc4 Re6 47. Rxa7 f4 48. a6 f3+ 49. Kf1 e3 50. Nxe3 Nxe3+ 51. Kf2 Kg6 52. Kxf3 Nf5 53. Nd7 Re3+ 54. Kf2 Bh4+ 55. Kf1 Ng3+ 56. Kg2 Ne4 57. Nf8+ Kf5 58. Rf7+ Bf6 59. a7 Ra3 60. Kf1 h4 61. Ke2 Kf4 62. Kd1 Ke3 63. Kc2 Bd4 64. Ne6 Rxa7 65. Rf8 Rb7 66. Re8 Rb2+ 67. Kc1 Ra2 68. Kb1 Ra1+ 69. Kc2 Ra2+ 70. Kb3 Rb2+ 71. Ka3 Rb5 72. Ka4 Re5 73. Kb3 Nc5+ 74. Kc4 Rxe6 75. Rg8 Re4 76. Rg6 Nd3 77. Kd5 Be5 78. Rg8 Nf4+ 79. Kc6 Bd4 80. Kb5 Kf3 81. Kc4 Bf2+ 82. Kc3 Bg3 83. Kd2 Re2+ 84. Kd1 Rh2 85. Ra8 Rxh3 86. Ra3+ Kg4 87. Ra8 Rh1+ 88. Kd2 h3 89. Ke3 Re1+ 90. Kd2 Kf3 91. Ra3+ Kf2 92. Ra8 Bh2 0-1


[Site "https://www.chess.com"]

[Event "Titled Tuesday Blitz November 22 Late 2022"]
[White "Ferreira, Vitor Hugo Vieira"]
[Black "Averjanov, Alexey"]
[WhiteFideId "2119765"]
[BlackFideId "14109867"]
[WhiteElo "2168"]
[BlackElo "2589"]
[Result "0-1"]
[Round "10"]
[TimeControl "180+1"]
[Date "2022.11.23"]
[WhiteClock "0:00:03"]
[BlackClock "0:01:35"]

1. e4 c6 2. d4 d5 3. exd5 cxd5 4. Bd3 Nc6 5. c3 Qc7 6. Ne2 Bg4 7. O-O e6 8. Qe1 Bh5 9. f4 Bd6 10. Ng3 Nf6 11. f5 e5 12. Bg5 e4 13. Bxf6 gxf6 14. Nxh5 Bxh2+ 15. Kh1 O-O-O 16. Bb5 Rhg8 17. Bxc6 bxc6 18. Qh4 Bd6 19. Na3 Rg5 20. c4 Rdg8 21. Rf2 Rg4 22. Qh3 e3 23. Rc2 Bg3 24. cxd5 Kb8 25. Rxc6 Qe7 26. d6 Qe4 27. Rac1 Rh4 28. Nxg3 Rxh3+ 29. Kg1 Rhxg3 30. Rc7 Qxg2# 0-1


[Site "https://www.chess.com"]

[Event "Titled Tuesday Blitz November 22 Late 2022"]
[White "Ferriz Barrios, Andres"]
[Black "Castillo Pena, Patricia Evarista"]
[WhiteFideId "5104467"]
[BlackFideId "6412106"]
[WhiteElo "2265"]
[BlackElo "1919"]
[Result "1-0"]
[Round "10"]
[TimeControl "180+1"]
[Date "2022.11.23"]
[WhiteClock "0:01:48"]
[BlackClock "0:00:21"]

1. d4 d5 2. Nf3 Nf6 3. Nbd2 e6 4. e3 Bd6 5. Bd3 Nbd7 6. O-O b6 7. Qe2 Bb7 8. Re1 Ne4 9. Nf1 O-O 10. N3d2 f5 11. f3 Nxd2 12. Bxd2 e5 13. c3 e4 14. Bc2 Qh4 15. f4 Nf6 16. h3 a5 17. Qf2 Qh5 18. Ng3 Qg6 19. Rac1 Ba6 20. Bb3 c5 21. c4 cxd4 22. cxd5 dxe3 23. Bxe3 b5 24. a3 b4 25. a4 Rfd8 26. Ne2 Rdc8 27. Nd4 Bc5 28. Ne6 Bxe3 29. Qxe3 Kh8 30. d6 Nd7 31. Nc7 Qxd6 32. Nxa8 Rxa8 33. Red1 Bd3 34. Bc4 Rd8 35. Bxd3 exd3 36. Rxd3 Qf8 37. Rc7 Nf6 38. Rxd8 Qxd8 39. Qe7 Qd4+ 40. Kh1 Ng8 41. Rc8 Qxf4 42. Rxg8+ Kxg8 43. Qe8# 1-0


[Site "https://www.chess.com"]

[Event "Titled Tuesday Blitz November 22 Late 2022"]
[White "Filgueira, Hernan"]
[Black "Tomaszewski, Kacper"]
[WhiteFideId "101770"]
[BlackFideId "1127373"]
[WhiteElo "2363"]
[BlackElo "2211"]
[Result "0-1"]
[Round "10"]
[TimeControl "180+1"]
[Date "2022.11.23"]
[WhiteClock "0:00:04"]
[BlackClock "0:00:27"]

1. e4 d6 2. d4 Nf6 3. Nc3 e5 4. Nf3 Nbd7 5. Bc4 Be7 6. a4 O-O 7. O-O h6 8. Re1 Nh7 9. Nd5 Bg5 10. Nxg5 Nxg5 11. Qh5 c6 12. Bxg5 Qxg5 13. Qxg5 hxg5 14. Ne7+ Kh7 15. Ra3 Nf6 16. dxe5 dxe5 17. Nxc8 Raxc8 18. Rd3 Kg6 19. f3 Rcd8 20. Red1 Rxd3 21. Rxd3 Re8 22. g4 Re7 23. Rb3 a5 24. Kf2 Rd7 25. Ke3 Ne8 26. Rb6 Nd6 27. Bd3 Kf6 28. Rb3 Ke7 29. Bf1 Kd8 30. c3 Kc7 31. Ra3 Rd8 32. Ra1 Rh8 33. h3 Nc8 34. b4 axb4 35. cxb4 Ne7 36. a5 Ra8 37. Bc4 f6 38. Rd1 Rd8 39. Rxd8 Kxd8 40. Kd3 Ng6 41. Kc3 Nf4 42. Bf1 Kc7 43. Kc4 Ne6 44. Be2 Nd4 45. Bd1 b5+ 46. axb6+ Kxb6 47. Kd3 Ne6 48. Kc4 Nf4 49. Bb3 Nxh3 50. Kd3 Nf4+ 51. Kc3 Ne2+ 52. Kd3 Nd4 53. Bd1 Kb5 54. Kc3 c5 55. bxc5 Kxc5 56. Kd3 Kb4 57. Ke3 Kc3 58. Ba4 Nc2+ 59. Kf2 Kd2 60. Bd7 Nd4 61. Bc8 Ne2 62. Bd7 Nf4 63. Bc8 Nd3+ 64. Kg3 Ke3 65. Ba6 Ne1 0-1


[Site "https://www.chess.com"]

[Event "Titled Tuesday Blitz November 22 Late 2022"]
[White "Gadimbayli, Abdulla"]
[Black "Javakhadze, Zurab"]
[WhiteFideId "13404938"]
[BlackFideId "13603647"]
[WhiteElo "2399"]
[BlackElo "2381"]
[Result "1-0"]
[Round "10"]
[TimeControl "180+1"]
[Date "2022.11.22"]
[WhiteClock "0:00:20"]
[BlackClock "0:00:01"]

1. Nf3 d5 2. g3 Nf6 3. Bg2 e6 4. O-O Be7 5. d3 O-O 6. Nbd2 c5 7. c3 Nc6 8. e4 b6 9. Qe2 Ba6 10. e5 Nd7 11. Re1 b5 12. h4 b4 13. h5 bxc3 14. bxc3 Qa5 15. Bb2 Qb5 16. Rab1 Qxd3 17. Qd1 Qf5 18. c4 Qxh5 19. cxd5 exd5 20. e6 Nb6 21. exf7+ Rxf7 22. Re6 Nb4 23. Ne5 Qf5 24. Rxb6 Qxf2+ 25. Kh1 axb6 26. a3 Rf6 27. Ng4 Qxg3 28. Bxf6 gxf6 29. axb4 Rd8 30. Nh6+ Kf8 31. Nf5 Qf4 32. Qh5 Bd6 33. Rf1 Bxf1 34. Nxf1 Rd7 35. bxc5 bxc5 36. N1e3 d4 37. Nf1 Qg5 38. Qf3 Be5 39. Qa8+ Kf7 40. Bd5+ Kg6 41. Qe8+ Kxf5 42. Qxd7+ Kf4 43. Qh3 Qg4 44. Qh6+ 1-0


[Site "https://www.chess.com"]

[Event "Titled Tuesday Blitz November 22 Late 2022"]
[White "Gareyev, Timur"]
[Black "Pranav, V"]
[WhiteFideId "14200937"]
[BlackFideId "25060783"]
[WhiteElo "2552"]
[BlackElo "2430"]
[Result "0-1"]
[Round "10"]
[TimeControl "180+1"]
[Date "2022.11.22"]
[WhiteClock "0:00:02"]
[BlackClock "0:00:04"]

1. e4 e5 2. f4 Bc5 3. Nf3 d6 4. Nc3 Nc6 5. Na4 Bb6 6. Bc4 Nf6 7. Nxb6 axb6 8. O-O Bg4 9. d3 Nd4 10. fxe5 Bxf3 11. gxf3 dxe5 12. a3 O-O 13. f4 b5 14. Ba2 exf4 15. Bxf4 Ra6 16. Kh1 c5 17. c3 Ne6 18. Be5 Nd7 19. Bg3 Qe7 20. Qh5 Nf6 21. Qf5 Rd8 22. Rad1 Nf8 23. e5 c4 24. dxc4 Rxd1 25. Rxd1 Ne8 26. cxb5 Rg6 27. Rf1 Ne6 28. Bd5 h5 29. Qxh5 N8c7 30. c4 Qd7 31. Qf3 Nxd5 32. cxd5 Ng5 33. Qd3 Rh6 34. Bf4 Rh3 35. Qd2 Qxb5 36. Qg2 Rh5 37. Bxg5 Rxg5 38. Qf3 Rxe5 39. Qxf7+ Kh7 40. Qf3 Rg5 41. Qh3+ Kg8 42. Qe6+ Kh7 43. Qe4+ Rg6 44. Qf3 Rf6 45. Qd3+ Qxd3 46. Rxf6 gxf6 0-1


[Site "https://www.chess.com"]

[Event "Titled Tuesday Blitz November 22 Late 2022"]
[White "Gascon Del Nogal, Jose Rafael"]
[Black "Koutlas, Nikolaos"]
[WhiteFideId "3902463"]
[BlackFideId "25827138"]
[WhiteElo "2473"]
[BlackElo "2167"]
[Result "1/2-1/2"]
[Round "10"]
[TimeControl "180+1"]
[Date "2022.11.23"]
[WhiteClock "0:00:05"]
[BlackClock "0:00:02"]

1. d4 Nf6 2. c4 g6 3. Nc3 Bg7 4. e4 d6 5. Nf3 O-O 6. Be3 Ng4 7. Bg5 c5 8. dxc5 Qa5 9. Qd2 Qxc5 10. Bxe7 Re8 11. Bxd6 Bxc3 12. Bxc5 Bxd2+ 13. Nxd2 Nc6 14. f3 b6 15. Bg1 Nge5 16. a3 f5 17. Be2 fxe4 18. Nxe4 Bf5 19. Nf6+ Kf7 20. Nxe8 Rxe8 21. Kf1 Nd3 22. g4 Nf4 23. gxf5 Rxe2 24. fxg6+ hxg6 25. b4 Ne5 26. Re1 Rxe1+ 27. Kxe1 Nxc4 28. Bd4 Nxa3 29. Kf2 Nc2 30. Bc3 Nd5 31. Rc1 Nce3 32. Bd2 Nf5 33. Ra1 Ke6 34. Rxa7 Nd6 35. Ra8 Nc4 36. Be1 Ne5 37. Re8+ Kf5 38. Rf8+ Ke6 39. Ke2 g5 40. Bd2 Ng6 41. Rg8 Kf5 42. Rd8 Nge7 43. Rd6 Ke5 44. Rd7 Ke6 45. Rb7 Kf5 46. b5 Ng6 47. Be3 Nc3+ 48. Kd3 Nxb5 49. Rxb6 Nc7 50. Rb5+ Nxb5 51. Bxg5 Kxg5 52. h4+ Kxh4 53. f4 Nd6 54. f5 Nxf5 1/2-1/2


[Site "https://www.chess.com"]

[Event "Titled Tuesday Blitz November 22 Late 2022"]
[White "Ghazarian, Kirk"]
[Black "Al-Tarboush, Ward"]
[WhiteFideId "30908604"]
[BlackFideId "7601450"]
[WhiteElo "2346"]
[BlackElo "2273"]
[Result "1-0"]
[Round "10"]
[TimeControl "180+1"]
[Date "2022.11.23"]
[WhiteClock "0:00:28"]
[BlackClock "0:00:04"]

1. a3 f6 2. b3 Nh6 3. d4 Nf7 4. e4 c6 5. Nf3 Na6 6. Bd3 Nc7 7. Bb2 d5 8. O-O Bg4 9. h3 Bh5 10. e5 e6 11. Nbd2 f5 12. Be2 g5 13. c4 Bg6 14. cxd5 Nxd5 15. Nc4 h5 16. Ne1 g4 17. Ne3 gxh3 18. Nxd5 Qxd5 19. Bc4 Qe4 20. gxh3 Rg8 21. f3 Qe3+ 22. Kh2 Qf4+ 23. Kh1 Qg3 24. Qe2 Bh6 25. Qg2 Qh4 26. Bxe6 Bh7 27. Qh2 Bf4 28. Ng2 Rxg2 29. Qxg2 Ke7 30. Bxf7 Kxf7 31. e6+ Ke7 32. Qg7+ Kxe6 33. d5+ Kd6 34. Qf6+ Qxf6 35. Bxf6 cxd5 36. Rad1 Be3 37. f4 Re8 38. Be5+ Kc6 39. Kg2 Bg8 40. Bd4 Re4 41. Bxe3 Rxe3 42. Rf3 Re2+ 43. Kg3 Re6 44. Kh4 Rd6 45. Rd4 Kc5 46. Rfd3 Bf7 47. b4+ Kc6 48. Rc3+ Kd7 49. Rg3 Re6 50. Rxd5+ Kc6 51. Rxf5 Re4 52. Rxf7 1-0


[Site "https://www.chess.com"]

[Event "Titled Tuesday Blitz November 22 Late 2022"]
[White "Goltsev, Dmitry"]
[Black "Rosen, Eric"]
[WhiteFideId "24176710"]
[BlackFideId "2032562"]
[WhiteElo "2289"]
[BlackElo "2362"]
[Result "0-1"]
[Round "10"]
[TimeControl "180+1"]
[Date "2022.11.22"]
[WhiteClock "0:00:17"]
[BlackClock "0:00:03"]

1. e4 c5 2. Nf3 d6 3. d4 Nf6 4. Nc3 cxd4 5. Nxd4 g6 6. Be2 Bg7 7. Be3 O-O 8. O-O Nc6 9. f4 Qb6 10. Na4 Qb4 11. c3 Qa5 12. b4 Qc7 13. Bf3 Bd7 14. Rc1 Rac8 15. a3 a6 16. c4 Nxd4 17. Bxd4 Bc6 18. Nb6 Rcd8 19. Re1 e5 20. Bf2 exf4 21. Nd5 Bxd5 22. cxd5 Qe7 23. Qd2 g5 24. e5 dxe5 25. Bc5 Rd6 26. Bxd6 Qxd6 27. Be4 Nxe4 28. Rxe4 f5 29. Rec4 e4 30. Rc8 g4 31. Rxf8+ Bxf8 32. Qd4 f3 33. Rc8 Qf4 34. d6 fxg2 35. Kxg2 Qf3+ 36. Kg1 e3 37. Qc4+ Kg7 38. Rc7+ Kh6 39. Qf1 Bxd6 40. Qxf3 gxf3 41. Rxb7 Bxh2+ 42. Kxh2 e2 43. Re7 f2 44. Rxe2 f1=Q 45. Rg2 Qf4+ 46. Kh3 Qf3+ 47. Rg3 Qh1# 0-1


[Site "https://www.chess.com"]

[Event "Titled Tuesday Blitz November 22 Late 2022"]
[White "Goroshkov, Maksym"]
[Black "Kaplan, Avi Harrison"]
[WhiteFideId "14142716"]
[BlackFideId "30934559"]
[WhiteElo "2257"]
[BlackElo "1983"]
[Result "1-0"]
[Round "10"]
[TimeControl "180+1"]
[Date "2022.11.23"]
[WhiteClock "0:01:54"]
[BlackClock "0:01:52"]

1. e4 c5 2. d4 cxd4 3. c3 Nf6 4. e5 Nd5 5. Bc4 Nb6 6. Bb3 Nc6 7. Nf3 d6 8. exd6 Qxd6 9. cxd4 g6 10. O-O Bg7 11. Be3 O-O 12. h3 Rd8 13. Nc3 a6 14. Ne4 Qd7 15. Neg5 e6 16. Ne4 Nxd4 17. Nxd4 Bxd4 18. Bg5 Rf8 19. Bf6 Bc5 20. Nxc5 Qc7 21. Ne4 Nd5 22. Bxd5 exd5 23. Qxd5 Be6 24. Qg5 1-0


[Site "https://www.chess.com"]

[Event "Titled Tuesday Blitz November 22 Late 2022"]
[White "Gritsenko, Nikolai"]
[Black "Baskakov, Egor"]
[WhiteFideId "14112493"]
[BlackFideId "24197866"]
[WhiteElo "2389"]
[BlackElo "2211"]
[Result "1/2-1/2"]
[Round "10"]
[TimeControl "180+1"]
[Date "2022.11.22"]
[WhiteClock "0:00:43"]
[BlackClock "0:01:49"]

1. b3 Nf6 2. Bb2 e6 3. c4 Be7 4. Nf3 O-O 5. e3 d5 6. Be2 c5 7. O-O Nc6 8. cxd5 Nxd5 9. a3 Bf6 10. Qc1 b6 11. Nc3 Bb7 12. Rd1 Rc8 13. Ne4 Bxb2 14. Qxb2 e5 15. Bc4 Re8 16. Qc2 Na5 17. Neg5 g6 18. Bb5 Re7 19. Be2 h6 20. Ne4 Nc6 21. d3 Rd7 22. Qb2 Qe7 23. Rac1 Rcd8 24. h3 a5 25. Ned2 1/2-1/2


[Site "https://www.chess.com"]

[Event "Titled Tuesday Blitz November 22 Late 2022"]
[White "Gutkin, Ilya"]
[Black "Machidon, Cristi"]
[WhiteFideId "16203470"]
[BlackFideId "13904590"]
[WhiteElo "2265"]
[BlackElo "2333"]
[Result "1-0"]
[Round "10"]
[TimeControl "180+1"]
[Date "2022.11.23"]
[WhiteClock "0:00:12"]
[BlackClock "0:00:01"]

1. Nf3 d6 2. d4 Nf6 3. b3 g6 4. Bb2 Bg7 5. g3 O-O 6. Bg2 c5 7. c4 Nc6 8. d5 Na5 9. O-O a6 10. Nbd2 b5 11. Qc2 e5 12. e4 Rb8 13. Bc3 Bd7 14. Ne1 Nh5 15. Nd3 f5 16. f4 b4 17. Bb2 exf4 18. Bxg7 Kxg7 19. Nxf4 Nxf4 20. Rxf4 Nb7 21. Re1 Qf6 22. Rf2 Rbe8 23. Ref1 Qd4 24. exf5 Bxf5 25. Qc1 Bd3 26. Nf3 Qe3 27. Qa1+ Kg8 28. Re1 Qh6 29. Rd2 Be4 30. Rde2 Bxf3 31. Rxe8 Bxg2 32. Kxg2 Nd8 33. Qf6 Nf7 34. Rxf8+ Kxf8 35. Rf1 Qg7 36. Qxd6+ Kg8 37. Qe6 Qf8 38. Rf2 Qd8 39. Qxf7+ Kh8 40. Qf6+ 1-0


[Site "https://www.chess.com"]

[Event "Titled Tuesday Blitz November 22 Late 2022"]
[White "Hardaway, Brewington"]
[Black "Goryachkina, Aleksandra"]
[WhiteFideId "30941849"]
[BlackFideId "4147103"]
[WhiteElo "2159"]
[BlackElo "2484"]
[Result "1-0"]
[Round "10"]
[TimeControl "180+1"]
[Date "2022.11.22"]
[WhiteClock "0:01:02"]
[BlackClock "0:00:01"]

1. e4 e6 2. d4 d5 3. Nc3 Bb4 4. e5 c5 5. a3 Bxc3+ 6. bxc3 Ne7 7. Qg4 Qc7 8. Bd3 cxd4 9. Ne2 b6 10. cxd4 Ba6 11. Qxg7 Rg8 12. Qxh7 Rxg2 13. Bxa6 Nxa6 14. Qd3 Nb8 15. Ng3 Nbc6 16. Kf1 Rxg3 17. hxg3 O-O-O 18. Bg5 Rg8 19. Bxe7 Nxe7 20. a4 Nc6 21. c3 Na5 22. Kg2 Kb8 23. Rh7 Rd8 24. Rah1 Kb7 25. Rh8 Rd7 26. R1h7 Qc6 27. Qf3 Qxa4 28. Rxf7 Ka6 29. Rhh7 Rxf7 30. Qxf7 Qc6 31. Qxa7+ Kb5 32. Qd7 Qxd7 33. Rxd7 Kc4 34. Rd6 Kxc3 35. Rxb6 Kxd4 36. Rxe6 Nc4 37. f4 Ke4 38. Re8 d4 39. Rd8 d3 40. e6 Ne3+ 41. Kh3 Nf5 42. g4 Ne7 43. f5 Nc6 44. Rd6 1-0


[Site "https://www.chess.com"]

[Event "Titled Tuesday Blitz November 22 Late 2022"]
[White "Ibadov, Dashgyn"]
[Black "Kovacevic, Radmila"]
[WhiteFideId "24107514"]
[BlackFideId "933171"]
[WhiteElo "2208"]
[BlackElo "2208"]
[Result "1-0"]
[Round "10"]
[TimeControl "180+1"]
[Date "2022.11.23"]
[WhiteClock "0:00:01"]
[BlackClock "0:00:03"]

1. e4 e5 2. Nf3 f5 3. Nxe5 Qf6 4. d4 d6 5. Nc4 fxe4 6. Nc3 Qg6 7. Bf4 Be7 8. Nd5 Bd8 9. Be2 Qf7 10. Nxc7+ Bxc7 11. Bxd6 Nf6 12. Ne5 Ba5+ 13. b4 Qe6 14. Bc5 Bc7 15. Bc4 Qf5 16. Nf7 Rg8 17. Bd6 Be6 18. Bxc7 Bxf7 19. Bb5+ Nbd7 20. O-O Qxb5 21. Bg3 Bc4 22. Re1 O-O-O 23. Qd2 Qc6 24. Qf4 Nh5 25. Qh4 Nxg3 26. Qxg3 g5 27. a4 h5 28. b5 Qc7 29. Qc3 Bd5 30. Qb4 Nb6 31. a5 Qc4 32. Qb2 Nd7 33. Re3 Kb8 34. Rc3 Rc8 35. Rxc4 Rxc4 36. b6 a6 37. Qa3 Rc6 38. Qe7 Nf6 39. h3 Re8 40. Qg7 g4 41. h4 e3 42. fxe3 Rxe3 43. Qf8+ Ne8 44. Rf1 Re2 45. Rf2 Rcxc2 46. Rxe2 Rxe2 47. Kf1 Re6 48. Kf2 Kc8 49. Qc5+ Bc6 50. Qf5 Bd7 51. Qxh5 Rf6+ 52. Kg3 Nd6 53. Qc5+ Kd8 54. Qe5 Re6 55. Qh8+ Re8 56. Qf6+ Re7 57. Qxd6 Ke8 58. Qb8+ Kf7 59. Qxb7 Be6 60. Qb8 Bd5 61. Qd6 Re3+ 62. Kh2 g3+ 63. Kh3 Be6+ 64. Qxe6+ Kxe6 65. h5 1-0


[Site "https://www.chess.com"]

[Event "Titled Tuesday Blitz November 22 Late 2022"]
[White "Ibarra Jerez, Jose Carlos"]
[Black "Deac, Bogdan-Daniel"]
[WhiteFideId "2226332"]
[BlackFideId "1226380"]
[WhiteElo "2638"]
[BlackElo "2648"]
[Result "0-1"]
[Round "10"]
[TimeControl "180+1"]
[Date "2022.11.22"]
[WhiteClock "0:00:22"]
[BlackClock "0:00:43"]

1. a3 e5 2. c4 Nf6 3. e3 g6 4. b4 Bg7 5. Bb2 d6 6. d3 O-O 7. Nf3 b6 8. Nbd2 c5 9. Be2 Re8 10. O-O Bb7 11. Qc2 Nbd7 12. Rfe1 h6 13. Ne4 Qe7 14. Rad1 Nh7 15. Nc3 f5 16. Nd5 Bxd5 17. cxd5 e4 18. dxe4 fxe4 19. Nd2 Bxb2 20. Qxb2 Rf8 21. Bg4 Ng5 22. h4 Ne5 23. Be2 Ngf3+ 24. gxf3 exf3 25. Nxf3 Nxf3+ 26. Bxf3 Rxf3 27. bxc5 bxc5 28. Qc2 Qxh4 29. Rd2 Qg4+ 30. Kf1 Rh3 31. Qe4 Qxe4 0-1


[Site "https://www.chess.com"]

[Event "Titled Tuesday Blitz November 22 Late 2022"]
[White "Janaszak, Dawid"]
[Black "Tanenbaum, Zachary"]
[WhiteFideId "1119206"]
[BlackFideId "2060850"]
[WhiteElo "2226"]
[BlackElo "2175"]
[Result "0-1"]
[Round "10"]
[TimeControl "180+1"]
[Date "2022.11.23"]
[WhiteClock "0:00:01"]
[BlackClock "0:00:11"]

1. e4 e5 2. Nf3 Nc6 3. d4 exd4 4. Nxd4 Bc5 5. Nb3 Bb6 6. Nc3 Nf6 7. Bg5 h6 8. Bh4 O-O 9. Qe2 a5 10. O-O-O a4 11. Nd2 a3 12. e5 axb2+ 13. Kb1 Re8 14. f4 d6 15. Bxf6 gxf6 16. Qh5 Kg7 17. Nde4 Bd4 18. Rd3 Rh8 19. Nxf6 dxe5 20. Rg3+ Kxf6 21. fxe5+ Ke7 22. Bc4 Be6 23. Bxe6 Kxe6 24. Rf1 Nxe5 25. Qf5+ Ke7 26. Re3 f6 27. Rg3 Kf7 28. Ne4 Ra6 29. Qh5+ Kf8 30. Qh4 Nf7 31. Qg4 Qd5 32. Qg7+ Ke7 33. Rgf3 Qxa2# 0-1


[Site "https://www.chess.com"]

[Event "Titled Tuesday Blitz November 22 Late 2022"]
[White "Jobava, Baadur"]
[Black "Paravyan, David"]
[WhiteFideId "13601520"]
[BlackFideId "4194985"]
[WhiteElo "2582"]
[BlackElo "2546"]
[Result "1/2-1/2"]
[Round "10"]
[TimeControl "180+1"]
[Date "2022.11.22"]
[WhiteClock "0:00:08"]
[BlackClock "0:00:02"]

1. d4 Nf6 2. c4 g6 3. g3 Bg7 4. Bg2 O-O 5. Nc3 Nc6 6. Nf3 d5 7. cxd5 Nxd5 8. O-O Nb6 9. e3 a5 10. Re1 a4 11. h3 e5 12. d5 e4 13. dxc6 exf3 14. Bxf3 bxc6 15. Bxc6 Bxh3 16. Bxa8 Qxa8 17. e4 a3 18. Rb1 Nc4 19. Qe2 Nxb2 20. Bxb2 axb2 21. Qxb2 h5 22. Qc2 c6 23. Ne2 Bg4 24. Nf4 h4 25. gxh4 Qd8 26. Ng2 Be5 27. Rb3 Qf6 28. Rg3 Bxg3 29. fxg3 Qd4+ 30. Qf2 Qe5 31. Qf4 Qd4+ 32. Qf2 Qe5 33. Qf4 Qd4+ 34. Qf2 1/2-1/2


[Site "https://www.chess.com"]